 Dungeon Crawl Stone Soup version 0.29.0-10-g45618ea6d2 (webtiles) character file.

Game seed: 10309055213448524892

24848 Flugkiller the Cleaver (level 12, -6/116 HPs)
             Began as a Minotaur Fighter on Sept 1, 2022.
             Was a High Priest of Cheibriados.
             Shot with an arrow by a minotaur (22 damage)
             ... in a Gauntlet.
             The game lasted 00:07:31 (13750 turns).

Flugkiller the Cleaver (Minotaur Fighter)          Turns: 13750, Time: 00:07:32

Health: -6/116     AC: 26    Str: 38    XL:     12   Next: 84%
Magic:  16/26      EV: 20    Int: 20    God:    Cheibriados [*****.]
Gold:   472        SH:  9    Dex: 28    Spells: 11/11 levels left

rFire   . . .      SeeInvis +   b - +10 hand axe of Jocular Duty {drain, rC++ Will+ MP+9 SInv}
rCold   + + .      Faith    +   I - +2 buckler {AC+3}
rNeg    + . .      Spirit   .   n - +0 plate armour
rPois   +          Reflect  .   K - +2 hat
rElec   .          Harm     .   (no cloak)
rCorr   +          Rampage  .   k - +2 pair of gloves
Will    +....      NoTele   +   B - +1 pair of boots
Stlth   ..........              O - amulet of faith
HPRegen 0.29/turn               G - ring of Agughuir {Fly rPois rCorr EV+4 Str-2}
MPRegen 0.20/turn               P - ring of the Tired Lovers {rN+ Str+6 Int+2}

@: flying, studying Fighting, very slow
A: horns 2, retaliatory headbutt
a: Renounce Religion, Bend Time, Temporal Distortion, Slouch, Step From Time


You were in a Gauntlet.
You worshipped Cheibriados.
Cheibriados was extremely pleased with you.
You visited 3 branches of the dungeon, and saw 16 of its levels.
You also visited: Ossuary and Gauntlet.

You collected 1859 gold pieces.
You spent 1387 gold pieces at shops.

Inventory:

Hand Weapons
 a - a +0 war axe
 b - the +10 hand axe of Jocular Duty (weapon) {drain, rC++ Will+ MP+9 SInv}
   (You bought it in a shop on level 8 of the Dungeon)

   A truly terrible weapon, it drains the life of any living foe it strikes.
   rC:        It greatly protects you from cold.
   MP:        It affects your magic capacity (+9).
   SInv:      It lets you see invisible.
   Will:      It increases your willpower.
 u - a +2 war axe of freezing
   (You took it off an orc on level 5 of the Dungeon)
Missiles
 c - 10 boomerangs (quivered)
Armour
 k - a +2 pair of gloves (worn)
   (You found it on level 2 of the Dungeon)
 n - a +0 plate armour (worn)
   (You took it off an orc warrior on level 7 of the Dungeon)
 B - a +1 pair of boots (worn)
   (You bought it in a shop on level 6 of the Dungeon)
 I - a +2 buckler of protection (worn)
   (You took it off a gnoll sergeant on level 7 of the Dungeon)
 K - a +2 hat (worn)
   (You bought it in a shop on level 1 of the Dungeon)
Jewellery
 G - the ring of Agughuir (left hand) {Fly rPois rCorr EV+4 Str-2}
   (You found it on level 10 of the Dungeon)

   [ring of evasion]

   EV:        It affects your evasion (+4).
   Str:       It affects your strength (-2).
   rPois:     It protects you from poison.
   Fly:       It grants you flight.
   rCorr:     It protects you from acid and corrosion.
 N - the ring of Zurako {Ice rN+ Int+4 Slay-2}
   (You found it in a Gauntlet)

   [ring of ice]

   It enhances your ice magic.
   Int:       It affects your intelligence (+4).
   Slay:      It affects your accuracy & damage with ranged weapons and melee
   (-2).
   rF:        It makes you vulnerable to fire.
   rC:        It protects you from cold.
   rN:        It protects you from negative energy.
 O - an amulet of faith (around neck)
   (You found it in a Gauntlet)
 P - the ring of the Tired Lovers (right hand) {rN+ Str+6 Int+2}
   (You found it in a Gauntlet)

   [ring of strength]

   Str:       It affects your strength (+6).
   Int:       It affects your intelligence (+2).
   rN:        It protects you from negative energy.
Wands
 f - a wand of iceblast (5)
   (You found it on level 7 of the Dungeon)
 g - a wand of digging (7)
   (You found it on level 9 of the Dungeon)
 p - a wand of mindburst (13)
   (You found it on level 8 of the Dungeon)
 s - a wand of paralysis (9)
   (You found it on level 4 of the Dungeon)
Scrolls
 e - 2 scrolls of fear
 i - a scroll of summoning
 l - a scroll of magic mapping
 o - 2 scrolls of enchant armour
 r - 7 scrolls of identify
 t - 6 scrolls of teleportation
 y - 3 scrolls of vulnerability {unknown}
 A - 2 scrolls of immolation
 E - a scroll of amnesia {unknown}
 H - 3 scrolls of enchant weapon
 J - a scroll of torment {unknown}
 L - a scroll of blinking {unknown}
Potions
 d - 4 potions of might
 h - 3 potions of flight {unknown}
 j - 4 potions of attraction {unknown}
 m - 3 potions of lignification {unknown}
 q - 13 potions of curing
 v - 2 potions of mutation {unknown}
 w - 6 potions of heal wounds {unknown}
 x - 2 potions of haste {unknown}
 z - 2 potions of ambrosia
 C - 2 potions of berserk rage {unknown}
 D - a potion of cancellation {unknown}
 M - a potion of magic {unknown}
Miscellaneous
 F - a condenser vane
   (You found it on level 9 of the Dungeon)


   Skills:
 + Level 13.9 Fighting
 * Level 14.9 Axes
 + Level 11.2 Armour
 + Level 9.0 Dodging
 - Level 3.6 Shields
 + Level 8.2 Invocations
 + Level 5.5 Evocations


You had 11 spell levels left.
You didn't know any spells.
Your spell library was empty.

Dungeon Overview and Level Annotations

Branches:
Dungeon (11/15)            Temple (1/1) D:4            Lair (4/5) D:9
 Shoals (0/4) Lair:3       Spider (0/4) Lair:3          Orc (0/2) D:10
Ossuary (visited)         Gauntlet (1/1)
  Slime: Lair:4-5

Altars:
Ashenzari
Cheibriados
Dithmenos
Elyvilon
Fedhas
Gozag
Hepliaklqana
Kikubaaqudgha
Makhleb
Nemelex Xobeh
Okawaru
Qazlal
Ru
Sif Muna
Trog
Uskayaw
Vehumet
Wu Jian
Xom
Yredelemnul
Zin
The Shining One

Shops:
D:1 [   D:6 *   D:7 :   D:8 (   D:10 (   D:11 :

Annotations:
D:6 2 transporters, sanka's ghost, novice MeDe
Lair:1 exclusion: oklob plant Gauntlet 8 transporters


Innate Abilities, Weirdness & Mutations

You have a pair of horns on your head.
You reflexively headbutt those who attack you in melee.


Message History

The entropy weaver is moderately wounded.
You feel sick.
The entropy weaver casts a spell at you.
The entropic weave corrodes you!
You hit the entropy weaver.
The entropy weaver is moderately wounded.
You feel sick. The entropy weaver hits you.
The entropy weaver hits you but does no damage. x2
The entropy weaver misses you.
You slash the entropy weaver! You drain the entropy weaver.
You headbutt the entropy weaver.
The entropy weaver is heavily wounded.
You feel sick. The entropy weaver misses you. You furiously retaliate!
You headbutt the entropy weaver.
The entropy weaver hits you but does no damage.
The entropy weaver hits you! You block the entropy weaver's attack.
You hit the entropy weaver but do no damage.
Your headbutt misses the entropy weaver.
The entropy weaver is heavily wounded.
You feel sick.
The jumping spider leaps!
The entropy weaver casts a spell at you.
The entropic weave corrodes you!
You closely miss the entropy weaver.
Your headbutt misses the entropy weaver.
The entropy weaver is heavily wounded.
You feel sick.
You barely miss the entropy weaver.
You headbutt the entropy weaver, but do no damage.
The entropy weaver is heavily wounded.
You feel sick. The entropy weaver hits you.
The entropy weaver hits you but does no damage.
The entropy weaver hits you! You block the entropy weaver's attack.
You slash the entropy weaver! You drain the entropy weaver.
Your headbutt misses the entropy weaver.
The entropy weaver is severely wounded.
You feel sick.
The entropy weaver hits you but does no damage.
The entropy weaver hits you!
* * * LOW HITPOINT WARNING * * *
You block the entropy weaver's attack. The entropy weaver misses you.
You are too injured to fight recklessly!
You slash the entropy weaver! You drain the entropy weaver.
The entropy weaver is almost dead.
You feel sick.
You can feel time thicken for a moment.
You kill the entropy weaver!
Cheibriados thoroughly appreciates the change of pace.
You kill the jumping spider!
Cheibriados thoroughly appreciates the change of pace.
You feel sick.
Your Dodging skill increases to level 9!
You feel sick.
You see here an entropy weaver corpse.
You feel sick.
You feel sick.
You start resting.
You feel sick. x2
You are no longer poisoned.
You start resting.
You are no longer corroded.
t - 5 scrolls of teleportation (gained 1)
There is a transporter here.
t - 6 scrolls of teleportation (gained 1)
P - the ring of the Tired Lovers {rN+ Str+6 Int+2} You feel stronger.
You feel clever.
P - the ring of the Tired Lovers (right hand) {rN+ Str+6 Int+2} You start resting.
Magic restored.
You start resting.
HP restored.
There is a transporter here.
You enter the transporter and appear at another place.
Unknown command.
You reach down and open the door.
A minotaur comes into view.
It is wielding a +0 longbow and wearing a +3 ring mail of poison resistance.
The minotaur shoots an arrow.
The arrow completely misses you.
Found four items.
A minotaur is nearby!
The minotaur shoots an arrow.
The arrow hits you!!
The minotaur shoots an arrow.
The arrow closely misses you.
The minotaur shoots an arrow.
The arrow hits you!!
The minotaur shoots an arrow.
You block the arrow.
Found a gate leading back out of this place.
The minotaur shoots an arrow.
The arrow hits you!
The minotaur shoots an arrow.
The arrow hits you!!
There is an open door, spattered with blood here.
You fail to use your ability.
The minotaur shoots an arrow.
The arrow closely misses you.
Unknown command.
Unknown command.
You can feel time thicken for a moment.
Cheibriados lowers the support of your attributes as your movement quickens.
The minotaur shoots an arrow.
The arrow hits you!
* * * LOW HITPOINT WARNING * * *
You can feel time thicken for a moment.
Cheibriados lowers the support of your attributes as your movement quickens.
The minotaur shoots an arrow.
The arrow hits you!!
* * * LOW HITPOINT WARNING * * *
Okay, then.
You feel better.
The minotaur shoots an arrow.
The arrow hits you!!
You die...

#8∩8# #[.[# #8H8#
#).[# ## ##
#8.8#.8### ..
#...#....# #.
#8.8#..#.#
#.#..##@##..#.#
#.............#
#.#.##.#.##.#.#
#.#....#....#.#
###.#.#######.#.###
.................#
#.♣.♣.©.©.©.©.♣.♣.#
................. #
### ###
#################
### #


You could see a minotaur.

Vanquished Creatures
  An entropy weaver (Gauntlet)
  Snorg (Lair:3)
  A boulder beetle (D:9)
  A centaur warrior (D:10)
  A wolf spider (Gauntlet)
  A manticore (D:11)
  10 elephants (Lair:3)
  A guardian serpent (D:11)
  A black mamba (Lair:3)
  A gargoyle (D:11)
  8 cane toads
  An unseen horror (D:11)
  3 komodo dragons
  A troll (D:10)
  A polar bear (Lair:2)
  Prince Ribbit (D:9)
  12 blink frogs
  3 hornets
  A jumping spider (Gauntlet)
  6 centaur simulacra (Gauntlet)
  A shadow (D:9)
  4 wyverns
  A wraith (D:11)
  2 vampires
  11 yaks
  2 basilisks (Lair:3)
  A redback (Gauntlet)
  Edmund (D:6)
  8 water moccasins
  3 orc warriors
  2 ice beasts (D:6)
  2 sky beasts
  A centaur (D:10)
  6 wolves (Lair:3)
  3 ogres
  A phantom (D:3)
  2 elf zombies (Ossuary)
  14 bullfrogs
  A necrophage (D:5)
  3 gnoll sergeants
  7 scorpions
  A hornet simulacrum (Gauntlet)
  8 killer bees
  An electric eel (D:9)
  A centaur zombie (Ossuary)
  A wyvern simulacrum (Gauntlet)
  2 human zombies (Ossuary)
  3 hounds
  2 jellies
  2 gnoll boudas
  6 orc priests
  6 iguanas
  13 orc wizards
  2 mummies (Ossuary)
  21 gnolls
  8 adders
  4 shadow imps
  3 ufetubi
  An adder zombie (Ossuary)
  3 worms
  3 dart slugs
  44 orcs
  4 ball pythons
  3 bat zombies (D:4)
  6 endoplasms
  5 giant cockroaches
  10 goblins
  9 hobgoblins
  4 jackals
  A quokka (D:2)
  4 bats
  3 frilled lizards
  12 hobgoblin zombies (Ossuary)
  3 jackal zombies (Ossuary)
  5 kobolds
  4 kobold zombies (Ossuary)
  10 orc zombies (Ossuary)
  4 rats
  2 rat zombies
  2 toadstools (D:1)
358 creatures vanquished.

Vanquished Creatures (others)
  10 fungi
  15 plants
  2 toadstools (D:1)
27 creatures vanquished.

Grand Total: 385 creatures vanquished

Notes
Turn   | Place    | Note
-------+----------+-------------------------------------------
     0 | D:1      | Flugkiller the Minotaur Fighter began the quest for the
                  | Orb.
     0 | D:1      | Reached XP level 1. HP: 19/19 MP: 0/0
   229 | D:1      | Reached skill level 3 in Axes
   229 | D:1      | Reached XP level 2. HP: 27/27 MP: 1/1
   450 | D:1      | Found Nif Hee's Armour Emporium.
   749 | D:2      | Reached XP level 3. HP: 33/33 MP: 2/2
   988 | D:2      | You fall into a shaft and drop 1 floor!
  1011 | D:3      | Reached skill level 4 in Axes
  1011 | D:3      | Reached XP level 4. HP: 33/41 MP: 3/3
  1290 | D:3      | Noticed a phantom
  1298 | D:3      | Killed a phantom
  1299 | D:3      | Reached skill level 5 in Axes
  1299 | D:3      | Reached XP level 5. HP: 47/47 MP: 4/4
  1312 | D:3      | Found a stormy altar of Qazlal.
  1663 | D:2      | Identified the +2 whip "Esemm" {protect, rCorr Str+2 Int+3
                  | Dex-2}
  1979 | D:4      | Found a blossoming altar of Fedhas.
  2029 | D:4      | Reached skill level 5 in Fighting
  2029 | D:4      | Reached skill level 5 in Armour
  2074 | D:4      | Reached XP level 6. HP: 47/56 MP: 5/5
  2137 | D:4      | Found an ancient bone altar of Kikubaaqudgha.
  2569 | D:4      | Identified the +0 chain mail "Dimuhes" {rPois Dex+4}
  2653 | D:4      | Found a staircase to the Ecumenical Temple.
  2667 | Temple   | Entered the Ecumenical Temple
  2839 | Temple   | Became a worshipper of Cheibriados the Contemplative
  2887 | D:5      | Entered Level 5 of the Dungeon
  2893 | D:5      | Identified the +1 ring mail of Spite {Will+ Int+6}
  2921 | D:5      | Reached skill level 6 in Axes
  2941 | D:5      | Reached skill level 1 in Dodging
  2991 | D:5      | Found a sand-covered staircase.
  3017 | D:5      | Reached skill level 1 in Invocations
  3022 | Ossuary  | Entered an ossuary
  3056 | Ossuary  | Reached * piety under Cheibriados
  3162 | Ossuary  | Reached XP level 7. HP: 61/61 MP: 5/7
  3314 | Ossuary  | Reached ** piety under Cheibriados
  3361 | D:5      | Reached skill level 7 in Axes
  3891 | D:6      | Noticed Edmund
  3900 | D:6      | Killed Edmund
  3901 | D:6      | Reached XP level 8. HP: 66/70 MP: 8/8
  3923 | D:6      | Reached skill level 8 in Axes
  4199 | D:6      | Found Wuomimal's Assorted Antiques.
  4204 | D:6      | Bought a scroll labelled WUGOHE AREI for 26 gold pieces
  4204 | D:6      | Bought a scroll labelled SOGIAJOSME for 26 gold pieces
  4204 | D:6      | Bought a scroll labelled DUDIB SUON for 26 gold pieces
  4367 | D:6      | Bought a pair of boots for 117 gold pieces
  4397 | D:6      | Identified a scroll of acquirement
  4397 | D:6      | Acquired 980 gold pieces
  4446 | D:6      | Noticed a hornet
  4535 | D:6      | Noticed sanka's ghost (novice MeDe)
  4629 | D:6      | Found a transporter.
  4632 | D:6      | Found a transporter.
  4767 | D:7      | Reached *** piety under Cheibriados
  4776 | D:7      | Reached skill level 9 in Axes
  4859 | D:7      | Reached XP level 9. HP: 57/79 MP: 10/10
  4979 | D:7      | Found Xejeiw Wast's Book Emporium.
  5164 | D:7      | Found a shimmering blue altar of Sif Muna.
  5217 | D:7      | Bought a manual of Fighting for 880 gold pieces
  5410 | D:7      | Found a glowing golden altar of the Shining One.
  5466 | D:7      | Found a bloodstained altar of Trog.
  5479 | D:7      | Reached **** piety under Cheibriados
  5793 | D:8      | Reached skill level 10 in Axes
  5799 | D:8      | Found Kusahul's Antique Weapon Shop.
  5810 | D:8      | Reached skill level 5 in Dodging
  5820 | D:8      | Bought a twisted hand axe for 152 gold pieces
  5820 | D:8      | Identified the +10 hand axe of Jocular Duty {drain, rC++
                  | Will+ MP+9 SInv} (You bought it in a shop on level 8 of the
                  | Dungeon)
  7544 | D:9      | Reached skill level 5 in Invocations
  7628 | D:9      | Reached XP level 10. HP: 91/91 MP: 12/12
  7673 | D:9      | Reached ***** piety under Cheibriados
  7675 | D:9      | Reached skill level 11 in Axes
  7696 | D:9      | Noticed Prince Ribbit
  7701 | D:9      | Killed Prince Ribbit
  7788 | D:9      | Noticed a boulder beetle
  7792 | D:9      | Found a staircase to the Lair.
  7810 | D:9      | Killed a boulder beetle
  7811 | D:9      | Reached skill level 1 in Evocations
  8007 | D:10     | Entered Level 10 of the Dungeon
  8011 | D:10     | Identified the ring of Agughuir {Fly rPois rCorr EV+4
                  | Str-2}
  8125 | D:10     | Found a staircase to the Orcish Mines.
  8140 | D:10     | Reached skill level 10 in Fighting
  8222 | D:10     | Found a shadowy altar of Dithmenos.
  8222 | D:10     | Found an iron altar of Okawaru.
  8222 | D:10     | Found a shimmering altar of Xom.
  8312 | D:10     | Found Iheidoly's Weapon Boutique.
  8361 | D:10     | Noticed a centaur warrior
  8368 | D:10     | Killed a centaur warrior
  8530 | D:10     | Reached skill level 12 in Axes
  8990 | D:11     | Reached XP level 11. HP: 101/101 MP: 14/14
  9094 | D:11     | Found Quentus's Tremendous Tomes.
  9433 | D:11     | Identified the +9 falchion of Yrah {vorpal, +Blink Dex+5}
  9892 | D:1      | Bought a +2 hat for 160 gold pieces
 10073 | Lair:1   | Entered Level 1 of the Lair of Beasts
 10673 | Lair:1   | Found a blossoming altar of Fedhas.
 10689 | Lair:1   | Noticed an oklob plant
 11024 | Lair:2   | Reached skill level 13 in Axes
 11047 | Lair:2   | Reached ****** piety under Cheibriados
 11061 | Lair:2   | Reached skill level 10 in Armour
 11872 | Lair:3   | Found a staircase to the Shoals.
 12000 | Lair:3   | Reached XP level 12. HP: 98/113 MP: 16/16
 12219 | Lair:3   | Found a hole to the Spider Nest.
 12226 | Lair:3   | Reached skill level 14 in Axes
 12305 | Lair:3   | Reached skill level 5 in Evocations
 12348 | Lair:3   | Noticed Snorg
 12362 | Lair:3   | Killed Snorg
 12977 | Lair:4   | Found a gate leading to a gauntlet.
 13006 | Gauntlet | Entered a Gauntlet
 13006 | Gauntlet | Found a transporter.
 13059 | Gauntlet | Found a transporter.
 13061 | Gauntlet | Found a transporter.
 13074 | Gauntlet | Found a transporter.
 13075 | Gauntlet | Found a transporter.
 13081 | Gauntlet | Noticed a seven-headed hydra
 13082 | Gauntlet | Found a transporter.
 13104 | Gauntlet | Found a transporter.
 13112 | Gauntlet | Noticed an entropy weaver
 13114 | Gauntlet | Found a transporter.
 13126 | Gauntlet | Found a transporter.
 13146 | Gauntlet | Found a transporter.
 13161 | Gauntlet | Found a transporter.
 13161 | Gauntlet | Found a transporter.
 13209 | Gauntlet | Found a transporter.
 13224 | Gauntlet | Found a transporter.
 13338 | Gauntlet | Identified the ring of Zurako {Ice rN+ Int+4 Slay-2}
 13428 | Gauntlet | Killed an entropy weaver
 13471 | Gauntlet | Identified the ring of the Tired Lovers {rN+ Str+6 Int+2}
 13743 | Gauntlet | Found the +3 crown of Dyrovepreva {rElec Int+2 SInv}
 13743 | Gauntlet | Noticed a minotaur
 13750 | Gauntlet | Shot with an arrow by a minotaur

Illustrated notes

Levels and vault maps discovered:
D:1:      ldierk_water_garden, layout_basic, serial_shops,
          nicolae_shop_advertising_works [nicolae_subvault_shop_adworks],
          nicolae_titane
D:2:      layout_basic
D:3:      layout_rooms, mainiacjoe_overflow_paths
D:4:      layout_loops_cross, mainiacjoe_overflow_boulevard,
          lemuel_zombie_altar_kikubaaqudgha, temple_pool_b, minmay_bisected
D:5:      layout_basic, enter_ossuary_3
D:6:      layout_gridville, gammafunk_ghost_hive, serial_shops,
          nicolae_shop_hallway_plus, kennysheep_generic_room_10, uniq_edmund
D:7:      layout_cave_pools, nzn_overflow_gifts_of_might_and_magic,
          old_standard_altar, serial_shops, nicolae_shop_stone
D:8:      layout_layer_cave, serial_shops, nicolae_shop_statue_plus,
          kennysheep_cluttered_room
D:9:      layout_roguey, lair_entry_dummy, fountainhead, uniq_prince_ribbit1
D:10:     layout_roguey, gammafunk_temple_overflow_claw, hiddenorc2_lemuel,
          serial_shops, shop_fountains
D:11:     layout_loops_ring, nicolae_shop_i_like_big_books,
          nrook_guardian_serpent_ordinary
Temple:   nicolae_temple_bog_church
Lair:1:   layout_chaotic_city, tgw_fedhas, grunt_megastairs_4
Lair:2:   layout_regular_city, nicolae_volcano_entry_hallway
Lair:3:   layout_roguey, shoals_dummy_entry, nicolae_spider_entry_non_spiders,
          uniq_snorg
Lair:4:   layout_regular_city, minmay_slime_entry_pillars,
          gauntlet_entry_generic
Gauntlet: minmay_gauntlet_77_tree [minmay_gauntlet_arena_77_tiled_triplets,
          minmay_gauntlet_arena_77_terracotta_army,
          minmay_gauntlet_arena_77_double_cross,
          minmay_gauntlet_arena_77_p_blocks,
          minmay_gauntlet_arena_77_chump_sandwich,
          minmay_gauntlet_arena_77_checkered,
          minmay_gauntlet_arena_77_hold_the_fort,
          nicolae_gauntlet_exit_dead_adventurers]

Skill      XL: |  1  2  3  4  5  6  7  8  9 10 11 12 |
---------------+-------------------------------------+-----
Axes           | 3 4 5 6 7 9 10 12 13 14 | 14.9
Fighting       | 4 5 6 7 9 10 12 13 | 13.9
Armour         | 4 5 6 7 8 9 10 11 | 11.2
Dodging        | 1 2 4 5 6 8 9 |  9.0
Invocations    | 1 2 3 5 6 7 8 |  8.2
Evocations     | 2 4 5 |  5.5
Shields        | |  3.6

Action                   |  1- 3 |  4- 6 |  7- 9 | 10-12 || total
-------------------------+-------+-------+-------+-------++-------
Melee: War axe           |    68 |   152 |   183 |       ||   403
       Headbutt          |     4 |    24 |    42 |    91 ||   161
       Hand axe          |       |       |    46 |   400 ||   446
Invok: Slouch            |       |       |       |     3 ||     3
       Step From Time    |       |       |       |     1 ||     1
  Use: Scroll            |       |       |    16 |       ||    16
       Potion            |       |       |       |     1 ||     1
 Stab: Distracted        |       |       |       |     1 ||     1
Armor: Scale mail        |    44 |    59 |    76 |       ||   179
       Plate armour      |       |       |    31 |   113 ||   144
Dodge: Dodged            |    37 |    70 |   137 |   283 ||   527
Block: Buckler           |    16 |    25 |    50 |   153 ||   244
